[Event "*** Titled Tuesday Blitz AM"]
[Site "Chess.com"]
[Date "2020.01.07"]
[Round "5"]
[White "Quiet_Desperation"]
[Black "ural58"]
[Result "0-1"]
[WhiteElo "2413"]
[BlackElo "2331"]
[TimeControl "180+2"]
[EndTime "10:09:50 PST"]
[Termination "ural58 won by checkmate"]

1. e4 d5 2. exd5 Qxd5 3. Nc3 Qa5 4. Nf3 Nf6 5. Be2 Nc6 6. O-O Bg4 7. h3 Bh5 8. a3 O-O-O 9. d3 e5 10. Bd2 Qc5 11. b4 Qe7 12. b5 Bxf3 13. Bxf3 Nd4 14. a4 Qe6 15. a5 Bb4 16. b6 cxb6 17. axb6 a6 18. Ne4 Bxd2 19. Nxd2 Rhe8 20. c3 Nxf3+ 21. Qxf3 Qd5 22. Ne4 Qxd3 23. Qf5+ Qd7 24. Nd6+ Kb8 25.
Qxd7 Nxd7 26. Nxe8 Rxe8 27. Rab1 Re6 28. Rfe1 Nxb6 29. f4 f6 30. fxe5 fxe5 31. Rf1 Nd5 32. Rf7 b5 33. Rd1 Nc7 34. Rxg7 Rc6 35. Rd3 a5 36. Rxh7 a4 37. Re7 a3 38. Rxe5 Kb7 39.
Re1 Ra6 40. Ra1 Kc6 41. h4 Kc5 42. h5 Nd5 43. Rh3 Nf4 44. Rh4 Ne2+ 45. Kh2 Nxc3 46. h6 Rxh6 47. Rxh6 b4 48. Rh3 Kc4 49. g4 Ne4 50. Rg3 Nxg3 51. Kxg3 b3 52. Rxa3 b2 53. Ra4+ Kc5 54. Ra5+ Kc6 55. Ra6+ Kc7 56. Ra7+ Kb8 57. Ra4 b1=Q 58. Rf4 Kc7 59. g5 Kd6 60. Kg4 Ke5 61.
Rf8 Qh7 62. Re8+ Kd6 63. Rf8 Ke6 64. Rf6+ Ke5 65. Rh6 Qf5+ 66. Kh5 Qf3+ 67. Kh4 Qg2 68. Kh5 Qh3+ 69. Kg6 Qe6+ 70. Kh5 Qf7+ 71. Kh4 Qf2+ 72. Kh5 Qe2+ 73. Kg6 Ke6 74. Kh7+ Ke7 75. g6 Qe4 76. Kh8 Qa8+ 77. Kh7 Qe4 78. Kh8 Qd4+ 79. Kh7 Kf8 80. Rh5 Qg7# 0-1

[Event "*** Titled Tuesday Blitz AM"]
[Site "Chess.com"]
[Date "2020.01.07"]
[Round "5"]
[White "kinga2008"]
[Black "Rap_woyska"]
[Result "0-1"]
[WhiteElo "1839"]
[BlackElo "2357"]
[TimeControl "180+2"]
[EndTime "10:09:50 PST"]
[Termination "Rap_woyska won by resignation"]

1. e4 c5 2. Nf3 e6 3. d4 cxd4 4. Nxd4 Nc6 5. Nb5 d6 6. Bf4 e5 7.
Be3 Nf6 8. Bg5 a6 9. N5a3 b5 10.
c3 Be7 11. Nd2 O-O 12. Nc2 d5 13. Bxf6 Bxf6 14. Be2 dxe4 15. Nxe4 Be7 16. O-O Qb6 17. Ne3 Qa7 18. Qc2 f5 19. Nd2 Be6 20. Rad1 f4 21.
Qe4 Qc7 22. Nd5 Bxd5 23. Qxd5+ Kh8 24. Ne4 Rad8 25. Qb3 Na5 26. Qc2 f3 27. Bxf3 Nc4 28. Rxd8 Bxd8 29. b3 Nb6 30. Rd1 Qe7 31. Qd3 Bc7 32.
c4 bxc4 33. bxc4 Rd8 34. Qc2 Rd4 35. Rxd4 exd4 36. c5 Nd7 37. Qd3 Qe5 38. g3 g6 39.
Qxa6 Kg7 40. Qc8 Nf8 41. Qb7 Ne6 42. Qc8 Nf8 43. Qb7 Kh6 44. a4 d3 45. Qb1 Qd4 46.
Qc1+ Kg7 47. Qc3 Qxc3 48. Nxc3 Ne6 49. Ne4 Nd4 50. Bd1 Kf7 51. Kf1 Ke7 52. Ke1 Ba5+ 53. Kf1 h6 54. f3 Nf5 55. Kf2 Kd7 56. g4 Ne7 57. Ke3 d2 58. Kd4 Kc6 59. Kc4 Nd5 60. h4 Ne3+ 61. Kd3 Nxd1 62. Ke2 Nc3+ 63. Nxc3 Bxc3 64.
f4 Kxc5 65. f5 gxf5 66. gxf5 Kd6 67. a5 Bxa5 68. h5 Ke5 69. f6 Kxf6 70. Kd1 Kg5 71. Ke2 Kxh5 72. Kd1 Kg4 73. Ke2 Kg3 74. Kd1 Kf2 0-1

[Event "*** Titled Tuesday Blitz AM"]
[Site "Chess.com"]
[Date "2020.01.07"]
[Round "5"]
[White "BIG_Pirate"]
[Black "enzovsky"]
[Result "1/2-1/2"]
[WhiteElo "2410"]
[BlackElo "2220"]
[TimeControl "180+2"]
[EndTime "10:09:53 PST"]
[Termination "Game drawn by agreement"]

1. Nf3 Nf6 2. c4 c5 3. Nc3 d5 4. cxd5 Nxd5 5. g3 Nc6 6. Bg2 g6 7. O-O Bg7 8. Nxd5 Qxd5 9. d3 O-O 10. Be3 Bd7 11. Nd4 Qd6 12. Nxc6 Bxc6 13. Bxc6 Qxc6 14. Rc1 Qe6 15. Rxc5 Qxa2 16. Rb5 b6 17. Qb3 Qxb3 18. Rxb3 Rac8 19. Ra1 Rc7 20. Bf4 e5 21. Be3 f5 22.
Kf1 Rfc8 23. Rba3 f4 24. Bd2 a5 25. Rb3 Rc2 26. Bc3 Rc6 27. Ke1 f3 28. exf3 Rf6 29. Rd1 Rxf3 30. Rd2 Rc1+ 31. Ke2 Rf5 32. Rxb6 Bh6 33. Rb8+ Kf7 34. Rd1 Rc2+ 35. Bd2 Bxd2 36. Rxd2 Rxd2+ 37. Kxd2 Rxf2+ 38. Ke3 Rxh2 39. Rb5 Ke6 40.
Rxa5 Rxb2 41. g4 Rg2 42. Ra6+ Kd5 43. Ra5+ Kd6 44. Ra6+ Ke7 45. Kf3 Rg1 46. Ra7+ Kf6 47. Rxh7 Rf1+ 48. Ke3 Rf4 49. Rh4 Kg5 50. Rh8 Rxg4 51.
Re8 Kf6 52. Rf8+ Kg7 53. Re8 Kf6 54. Rf8+ Ke7 55. Rg8 Rg1 56. Kf2 Rg5 57. Kf3 Rf5+ 58. Ke4 Kf6 59. Rf8+ Kg5 60. Re8 Kf6 61. Rf8+ Ke6 62.
Re8+ Kd6 63. Rd8+ Ke7 64. Rg8 Rg5 65. d4 exd4 66. Kxd4 Rg3 67. Ke4 Kf7 68. Ra8 Kf6 69. Kf4 Rb3 70. Kg4 Rb4+ 71. Kg3 Kg5 72. Ra5+ Kh6 73.
Ra8 Kh5 74. Rh8+ Kg5 75. Ra8 Rb3+ 76. Kg2 Kh4 77. Ra4+ Kh5 78. Ra8 g5 79. Ra4 g4 80.
Ra8 Kh4 81. Rh8+ Kg5 82. Rg8+ Kf4 83. Rf8+ Ke5 84. Rf7 Ke6 85. Rf8 Rb2+ 86. Kg3 Rb3+ 87. Kxg4 Rb4+ 1/2-1/2

[Event "*** Titled Tuesday Blitz AM"]
[Site "Chess.com"]
[Date "2020.01.07"]
[Round "5"]
[White "BeanScreen"]
[Black "GremioPrudente"]
[Result "0-1"]
[WhiteElo "2395"]
[BlackElo "2271"]
[TimeControl "180+2"]
[EndTime "10:10:10 PST"]
[Termination "GremioPrudente won by checkmate"]

1. e4 e6 2. d4 d5 3. Nc3 Nf6 4. Bg5 Be7 5. e5 Nfd7 6. h4 Bxg5 7. hxg5 Qxg5 8. Nh3 Qe7 9. Nf4 Nc6 10. Qg4 g6 11.
O-O-O h5 12. Qg3 h4 13. Qg4 Nb6 14. Bd3 Bd7 15. g3 O-O-O 16. gxh4 Qb4 17. a3 Qxd4 18. Bxg6 Qxf2 19. Rd2 Qc5 20. Nd3 Qe3 21. Bxf7 Nc4 22. Rh2 Nxd2 23. Rxd2 Nxe5 24. Nxe5 Qxe5 25. Qb4 Qf6 26.
Qc5 Qxf7 27. Qxa7 Bc6 28. Ne4 b6 29. Rf2 Qe7 30. Ng5 Rxh4 31. Rg2 Qf6 32. Qa6+ Bb7 33. Qe2 Rh1+ 34. Kd2 Qf4+ 35. Kc3 d4+ 36. Kb3 Bxg2 37. Qxg2 Rdh8 38. Nxe6 Qe3+ 39. Kb4 Qxe6 40. Qa8+ Kd7 41. Qa4+ Qc6 42. Qa7 Qc5+ 43. Kb3 Qd5+ 44. Kb4 Qd6+ 45. Kb3 R1h5 46. Qa4+ Qc6 47. Qxd4+ Kc8 48. c4 Kb7 49. Ka2 Qc5 50. Qe4+ Qc6 51. Qd4 Re8 52. Qg4 Rhe5 53. Qg3 Re4 54. b3 Re2+ 55. Ka1 Qe4 56. Qc3 Re1+ 57.
Kb2 Qe2+ 58. Qc2 Qxc2+ 59. Kxc2 R8e2+ 60. Kc3 Rh2 61. Kb4 Rg1 62. a4 Rg3 63. c5 bxc5+ 64.
Ka5 c4 65. b4 c3 66. Kb5 c2 67. a5 Rh5+ 68. Ka4 Ra3+ 69. Kxa3 c1=Q+ 70. Kb3 Qd1+ 71.
Kc3 Rd5 72. b5 Qd2+ 73. Kb3 Rxb5+ 74. Ka3 Rxa5+ 75. Kb3 Rh5 76. Kc4 Qf4+ 77. Kd3 Rh3+ 78. Ke2 Qh2+ 79. Kf1 Ra3 80. Ke1 Ra1# 0-1

[Event "*** Titled Tuesday Blitz AM"]
[Site "Chess.com"]
[Date "2020.01.07"]
[Round "5"]
[White "Fh2411"]
[Black "Bulldog167"]
[Result "0-1"]
[WhiteElo "2470"]
[BlackElo "2717"]
[TimeControl "180+2"]
[EndTime "10:10:14 PST"]
[Termination "Bulldog167 won by resignation"]

1. d4 g6 2. Nf3 Bg7 3. Bf4 d6 4.
c3 Nd7 5. e4 e5 6. Bg5 f6 7. Be3 Nh6 8. h3 Nf7 9. Bc4 O-O 10.
Nbd2 Qe7 11. a4 Nb6 12. Bb3 Be6 13. a5 Nc8 14. a6 b6 15. Bxe6 Qxe6 16. Qb3 Qxb3 17.
Nxb3 Re8 18. dxe5 dxe5 19. Nfd2 Ncd6 20. f3 Rad8 21. Ke2 Bh6 22. Bxh6 Nxh6 23. Rhd1 Nhf7 24. Nc1 Ng5 25. Nd3 f5 26. Nf2 Ne6 27. g3 Kg7 28. h4 h5 29. Nf1 Nc5 30. b4 Ne6 31. Ne3 f4 32. gxf4 Nxf4+ 33. Kf1 Nb5 34. c4 Nd4 35.
Nd5 c6 36. Nxf4 exf4 37. Rd3 Nc2 38. Rb1 Kf6 39. Rb2 Ne3+ 40. Ke2 Nxc4 41. Rc2 b5 42. Nh3 Rxd3 43. Kxd3 Rd8+ 44. Ke2 Ke5 45. Ng5 Rd7 46. Ra2 Kd4 47. Rc2 Re7 48. Nh3 Ke5 49.
Nf2 Rf7 50. Nd3+ Kd4 51. Nc5 Re7 52. Nd3 Rf7 53. Nc5 Ke5 54. Nd3+ Kd6 55. Nc5 Rg7 56.
Nd3 g5 57. hxg5 Rxg5 58. Nxf4 h4 59. Kf2 Ke5 60. Nh3 Rg3 61. Ng1 Rg8 62. Nh3 Kd4 63.
Rc1 Ne5 64. Nf4 Nc4 65. Ne2+ Ke5 66. Rh1 Rh8 67. Rh3 Nd6 68. Ke3 Nc4+ 69. Kf2 Rh7 70. Rh2 c5 71. bxc5 b4 72. Nc1 Kd4 73. c6 Kc3 74. f4 h3 75. Kf3 b3 76. Ne2+ Kb4 77.
Nd4 b2 78. Rh1 Nd2+ 79. Ke3 b1=Q 80. Rxb1+ Nxb1 81. Nf3 Kc5 82. e5 Kxc6 83. Ke4 Nd2+ 84. Nxd2 h2 0-1

[Event "*** Titled Tuesday Blitz AM"]
[Site "Chess.com"]
[Date "2020.01.07"]
[Round "5"]
[White "GianmarcoVaR"]
[Black "Olga_Zhuravleva"]
[Result "1/2-1/2"]
[WhiteElo "2568"]
[BlackElo "2325"]
[TimeControl "180+2"]
[EndTime "10:10:18 PST"]
[Termination "Game drawn by repetition"]

1. d4 g6 2. c4 Bg7 3. Nf3 d6 4. g3 Nc6 5. Bg2 e5 6. d5 Nce7 7. O-O h6 8. Nc3 f5 9. e4 Nf6 10. exf5 gxf5 11. c5 O-O 12. cxd6 cxd6 13. Nh4 a6 14. a4 b6 15. f4 e4 16. Bh3 Kh7 17. Be3 Rb8 18. Rf2 Qe8 19. Ra3 Qf7 20. Rd2 Ne8 21. Rb3 Bf6 22. Ng2 b5 23. axb5 Bxc3 24. bxc3 Rxb5 25. c4 Rxb3 26. Qxb3 Nf6 27. Nh4 Ng4 28. Bxg4 fxg4 29. Qa3 Rd8 30. Bb6 Rd7 31. Qe3 Rb7 32. Qxe4+ Bf5 33. Nxf5 Nxf5 34. c5 dxc5 35. Bxc5 Kg8 36. d6 Rd7 37. Qe5 h5 38.
Rd5 Ng7 39. f5 Rb7 40. f6 Ne6 41. d7 Rxd7 42. Rxd7 Qxd7 43. Bd6 Kf7 44. Qxh5+ Kxf6 45. Qh6+ Kf5 46. Qh5+ Kf6 47. Be5+ Ke7 48. Qh4+ Kf7 49. Qh7+ Ke8 50. Qg8+ Nf8 51. Qc4 Qd1+ 52. Kf2 Qf3+ 53. Ke1 Qh1+ 54. Qf1 Qe4+ 55. Qe2 Qh1+ 56. Kd2 Qd5+ 57.
Kc2 Qc5+ 58. Bc3+ Kd7 59. Qxg4+ Kc6 60. Qf3+ Kd7 61. Qb7+ Ke6 62. Qxa6+ Kd5 63. Qb7+ Ke6 64. Qe4+ Kd7 65. Qg4+ Ke8 66. Qe2+ Kd7 67. Qd3+ Ke8 68. Qd4 Qf5+ 69. Kd2 Qh3 70. Qe4+ Kf7 71. Qd5+ Ke8 72. Qc6+ Kf7 73. Qf6+ Ke8 74. Qe5+ Kf7 75. Qh8 Qg2+ 76. Kc1 Qf1+ 77. Kb2 Qb5+ 78. Kc2 Qe2+ 79. Kc1 Qf1+ 80. Kc2 Qe2+ 81. Bd2 Qe4+ 82. Kc1 Qh1+ 83. Kb2 Qb7+ 84. Kc3 Qf3+ 85. Kb2 Qb7+ 86. Kc1 Qh1+ 87. Kc2 Qe4+ 88. Kb2 Qb7+ 1/2-1/2

[Event "*** Titled Tuesday Blitz AM"]
[Site "Chess.com"]
[Date "2020.01.07"]
[Round "6"]
[White "Komissarov_alex"]
[Black "AquivaRubinstein"]
[Result "0-1"]
[WhiteElo "1758"]
[BlackElo "2431"]
[TimeControl "180+2"]
[EndTime "10:12:58 PST"]
[Termination "AquivaRubinstein won by resignation"]

1. d4 Nf6 2. Nf3 b5 3. Bg5 Bb7 4. Nbd2 d6 5. e3 a6 6. Bd3 Nbd7 7.
O-O e5 8. dxe5 Nxe5 9. Nxe5 dxe5 10. c4 Qxd3 0-1

[Event "*** Titled Tuesday Blitz AM"]
[Site "Chess.com"]
[Date "2020.01.07"]
[Round "6"]
[White "Kirill_Klukin"]
[Black "David_Paravyan"]
[Result "0-1"]
[WhiteElo "2698"]
[BlackElo "2868"]
[TimeControl "180+2"]
[EndTime "10:13:22 PST"]
[Termination "David_Paravyan won by resignation"]

1. Nf3 c5 2. e3 Nf6 3. d4 d5 4. Be2 Nc6 5. a3 cxd4 6. exd4 Bf5 7. O-O e6 8. c3 Bd6 9. Bg5 h6 10. Bh4 Qc7 11. Nbd2 Ne4 12. Nxe4 Bxe4 13. Nd2 Bxh2+ 14. Kh1 g5 15. Nxe4 dxe4 16. g3 gxh4 17. Kxh2 Rg8 18. Rg1 e3 19. Qe1 Ne7 20. Bf3 exf2 21. Qxf2 hxg3+ 0-1

[Event "*** Titled Tuesday Blitz AM"]
[Site "Chess.com"]
[Date "2020.01.07"]
[Round "6"]
[White "HarryCun"]
[Black "Er_is_geen_hoop_meer"]
[Result "0-1"]
[WhiteElo "2066"]
[BlackElo "2370"]
[TimeControl "180+2"]
[EndTime "10:13:22 PST"]
[Termination "Er_is_geen_hoop_meer won by checkmate"]

1. d4 f5 2. c4 Nf6 3. Nf3 e6 4.
g3 Be7 5. Bg2 O-O 6. O-O d6 7. Nc3 Ne4 8. Qd3 Nxc3 9. Qxc3 a5 10. b3 Nc6 11. Bb2 Bf6 12. Qd2 e5 13. dxe5 dxe5 14. Qxd8 Rxd8 15. Rad1 Re8 16. Nd2 a4 17.
Bd5+ Be6 18. Bxc6 bxc6 19. Nf3 Bc8 20. b4 a3 21. Bc3 e4 22. Bxf6 exf3 23. Rd8 Rxd8 24.
Bxd8 fxe2 25. Re1 Ba6 26. Rxe2 Rxd8 27. Re3 Bxc4 28. Rxa3 Rd1+ 29. Kg2 Bd5+ 30. f3 Rd2+ 31. Kh3 Rxa2 32. Rd3 Rb2 33. Rd4 g5 34. f4 g4+ 35. Kh4 h6 36. h3 Rh2 37. Kh5 Kg7 38. h4 Bf7# 0-1

[Event "*** Titled Tuesday Blitz AM"]
[Site "Chess.com"]
[Date "2020.01.07"]
[Round "6"]
[White "gemarin"]
[Black "vinniethepooh"]
[Result "0-1"]
[WhiteElo "2073"]
[BlackElo "2607"]
[TimeControl "180+2"]
[EndTime "10:13:30 PST"]
[Termination "vinniethepooh won by resignation"]

1. d4 d5 2. c4 c6 3. Nc3 Nf6 4. Nf3 e6 5. e3 Nbd7 6. Qc2 b6 7.
Be2 Bb7 8. O-O Be7 9. Rd1 O-O 10.
b3 h6 11. Bb2 Rc8 12. e4 dxe4 13. Nxe4 Qc7 14. Ne5 Nxe5 15. dxe5 Nxe4 16. Qxe4 c5 17. Qg4 Rcd8 18. Bc1 Rxd1+ 19. Bxd1 Qxe5 0-1

[Event "*** Titled Tuesday Blitz AM"]
[Site "Chess.com"]
[Date "2020.01.07"]
[Round "6"]
[White "TST2014"]
[Black "SantoBlue"]
[Result "0-1"]
[WhiteElo "2538"]
[BlackElo "2762"]
[TimeControl "180+2"]
[EndTime "10:13:38 PST"]
[Termination "SantoBlue won by resignation"]

1. d4 Nf6 2. c4 e6 3. Nf3 d5 4. Nc3 c6 5. e3 Nbd7 6. Qc2 Bd6 7. Be2 dxc4 8. a4 O-O 9. O-O e5 10. Bxc4 e4 11. Nxe4 Nxe4 12. Qxe4 Nf6 13. Qh4 h6 14. Ne5 Be6 15. Bxe6 fxe6 16. Ng6 Rf7 17. e4 Kh7 18.
Ne5 Bxe5 19. dxe5 Nd7 20. f4 Qxh4 0-1

[Event "*** Titled Tuesday Blitz AM"]
[Site "Chess.com"]
[Date "2020.01.07"]
[Round "6"]
[White "Gahan-MG"]
[Black "MiroVlasenko"]
[Result "0-1"]
[WhiteElo "2486"]
[BlackElo "2699"]
[TimeControl "180+2"]
[EndTime "10:14:05 PST"]
[Termination "MiroVlasenko won by resignation"]

1. e4 c6 2. d4 d5 3. e5 Bf5 4.
a3 e6 5. c4 Ne7 6. c5 Nd7 7. Bd3 f6 8. f4 h5 9. Nc3 b6 10. b4 a5 11. Bb2 axb4 12. axb4 Rxa1 13. Bxa1 Qa8 14. Nf3 Bxd3 15. Kf2 Be4 16. Nxe4 dxe4 17.
Nd2 f5 18. Nc4 Nd5 19. g3 Qa2+ 20. Qe2 Qxe2+ 21. Kxe2 h4 22. Rc1 hxg3 23. hxg3 Rh2+ 24. Kd1 Rh1+ 25. Kd2 Rxc1 26. Kxc1 b5 0-1

[Event "*** Titled Tuesday Blitz AM"]
[Site "Chess.com"]
[Date "2020.01.07"]
[Round "6"]
[White "Megagigahiper3345"]
[Black "BestByTestbro"]
[Result "1-0"]
[WhiteElo "2439"]
[BlackElo "2187"]
[TimeControl "180+2"]
[EndTime "10:14:10 PST"]
[Termination "Megagigahiper3345 won by resignation"]

1. d4 Nf6 2. c4 g6 3. Nc3 d5 4. cxd5 Nxd5 5. e4 Nxc3 6. bxc3 Bg7 7. Nf3 c5 8. Rb1 O-O 9. Be2 cxd4 10. cxd4 Qa5+ 11.
Bd2 Qxa2 12. O-O b6 13. d5 Ba6 14. Re1 Bxe2 15. Rxe2 Qa6 16. Bg5 Qb7 17. h4 h6 18.
Be3 Nd7 19. h5 Nc5 20. Bxc5 1-0

[Event "*** Titled Tuesday Blitz AM"]
[Site "Chess.com"]
[Date "2020.01.07"]
[Round "6"]
[White "MishkaFighter"]
[Black "elm2007"]
[Result "0-1"]
[WhiteElo "2426"]
[BlackElo "2749"]
[TimeControl "180+2"]
[EndTime "10:14:30 PST"]
[Termination "elm2007 won by checkmate"]

1. d3 Nf6 2. e3 d6 3. Nd2 g6 4.
Ne2 Bg7 5. g3 O-O 6. Bg2 e5 7.
b3 Nc6 8. Bb2 Ne8 9. O-O f5 10.
c4 h6 11. a3 g5 12. b4 Rb8 13.
b5 Ne7 14. a4 Be6 15. a5 f4 16. exf4 exf4 17. Bxg7 Nxg7 18. Re1 Qd7 19. Nd4 Bh3 20.
Qb3 Kh8 21. Rxe7 Qxe7 22. Bxh3 fxg3 23. hxg3 Qf6 24. N2f3 h5 25. Re1 g4 26. Bg2 gxf3 27.
Nxf3 Rbe8 28. Rxe8 Rxe8 29. a6 bxa6 30. bxa6 h4 31.
Nxh4 Re1+ 32. Bf1 Qa1 33. Qb8+ Kh7 34. Qxa7 Rxf1+ 35. Kg2 Rg1+ 36. Kf3 Qd1+ 37. Ke3 Qe1+ 38. Kf3 Qd1+ 39. Ke3 Re1+ 40. Kd4 Re5 41. Kc3 Qc1+ 42.
Kb3 Re2 43. Qd4 Qb1+ 44. Ka3 Ra2# 0-1

[Event "*** Titled Tuesday Blitz AM"]
[Site "Chess.com"]
[Date "2020.01.07"]
[Round "6"]
[White "SmirnovAlexandrA"]
[Black "ChessyInstinct"]
[Result "0-1"]
[WhiteElo "2117"]
[BlackElo "2428"]
[TimeControl "180+2"]
[EndTime "10:14:39 PST"]
[Termination "ChessyInstinct won by resignation"]

1. e4 e5 2. Nc3 Nc6 3. f4 Nf6 4. Nf3 Bb4 5. d3 d6 6. f5 d5 7. a3 Bxc3+ 8. bxc3 dxe4 9. Ng5 Bxf5 10. Be2 h6 11. Nxe4 Nxe4 12. dxe4 Qxd1+ 13. Bxd1 Bxe4 14. O-O O-O 15. Be3 b6 16. Rc1 Rad8 17. Be2 Na5 18. Rf2 f6 19. g4 Rd6 20. h4 Rfd8 21. Kf1 Nc6 22. Ke1 Ne7 23. c4 c5 24. a4 Nc6 25. c3 Na5 26. g5 hxg5 27. hxg5 f5 28. Bf1 f4 29. Bd2 Nb3 0-1

[Event "*** Titled Tuesday Blitz AM"]
[Site "Chess.com"]
[Date "2020.01.07"]
[Round "6"]
[White "VladDobrov"]
[Black "Parhamov"]
[Result "1/2-1/2"]
[WhiteElo "2849"]
[BlackElo "3063"]
[TimeControl "180+2"]
[EndTime "10:14:48 PST"]
[Termination "Game drawn by agreement"]

1. d4 Nf6 2. c4 e6 3. Nf3 d5 4.
Nc3 Bb4 5. e3 O-O 6. Bd2 Nbd7 7.
Bd3 dxc4 8. Bxc4 Be7 9. O-O a6 10.
a4 c5 11. Qe2 b6 12. Rfd1 Bb7 13. Rac1 Qb8 14. h3 Rd8 15. Be1 h6 16. dxc5 Nxc5 17. Rxd8+ Qxd8 18. b4 Ncd7 19. b5 axb5 20. Bxb5 1/2-1/2

[Event "*** Titled Tuesday Blitz AM"]
[Site "Chess.com"]
[Date "2020.01.07"]
[Round "6"]
[White "OparinGrigoriy"]
[Black "DrVelja"]
[Result "1-0"]
[WhiteElo "3034"]
[BlackElo "2734"]
[TimeControl "180+2"]
[EndTime "10:14:49 PST"]
[Termination "OparinGrigoriy won by resignation"]

1. d4 Nf6 2. Nf3 g6 3. g3 Bg7 4. c4 O-O 5. Bg2 c6 6. O-O d5 7. Qa4 Nbd7 8. cxd5 Nb6 9. Qb3 Qxd5 10. Qb4 Qh5 11.
h4 Re8 12. Nc3 Nbd5 13. Qb3 Be6 14. Qxb7 Rab8 15. Qxc6 Nb4 16. Qa4 Bd7 17. Qd1 Bf5 18. Bf4 Bc8 1-0

[Event "*** Titled Tuesday Blitz AM"]
[Site "Chess.com"]
[Date "2020.01.07"]
[Round "6"]
[White "muran29"]
[Black "Leonid_Starozhilov"]
[Result "0-1"]
[WhiteElo "2509"]
[BlackElo "2700"]
[TimeControl "180+2"]
[EndTime "10:15:04 PST"]
[Termination "Leonid_Starozhilov won by resignation"]

1. d4 Nf6 2. c4 g6 3. Nc3 Bg7 4.
e4 d6 5. Nf3 Bg4 6. Be2 O-O 7.
Be3 Nfd7 8. Qd2 e5 9. d5 f5 10.
Bh6 Bxf3 11. Bxf3 f4 12. Bxg7 Kxg7 13. Bg4 Nf6 14. Be6 Na6 15. g3 Nc5 16. gxf4 Nfxe4 17. Nxe4 Nxe4 18. Qe3 Rxf4 19. h4 Nxf2 20. Rh2 Re4 21.
Kxf2 Rxe3 22. Kxe3 0-1

[Event "*** Titled Tuesday Blitz AM"]
[Site "Chess.com"]
[Date "2020.01.07"]
[Round "6"]
[White "LonesomeGeorge1"]
[Black "WorldChampionBulletChess"]
[Result "1-0"]
[WhiteElo "2290"]
[BlackElo "2070"]
[TimeControl "180+2"]
[EndTime "10:15:07 PST"]
[Termination "LonesomeGeorge1 won by checkmate"]

1. d4 Nf6 2. Nf3 d6 3. Nc3 b6 4.
e4 Bb7 5. Bd3 c5 6. d5 e6 7. dxe6 fxe6 8. O-O Be7 9. e5 dxe5 10.
Nxe5 Nc6 11. Bb5 Qc7 12. Bf4 Rd8 13. Qf3 O-O 14. Bxc6 Bxc6 15. Qxc6 Bd6 16. Qxc7 Bxc7 17. Ng6 hxg6 18. Bxc7 Rd2 19. Rac1 Ng4 20. Bg3 a6 21. h3 Nf6 22. Rfd1 Rxd1+ 23. Rxd1 b5 24. Rd6 b4 25. Na4 Nd5 26. Rxe6 Rc8 27. Nb6 Nxb6 28. Rxb6 c4 29. Rxb4 c3 30. bxc3 Rxc3 31. Rb7 Rxc2 32. Be5 Rc1+ 33. Kh2 Rc2 34. Rxg7+ Kf8 35. Rxg6 Rxa2 36.
h4 Re2 37. f4 a5 38. h5 a4 39.
h6 Kf7 40. Ra6 Re4 41. h7 Rxf4 42. Bxf4 a3 43. h8=Q a2 44. Qh7+ Ke8 45. Ra8# 1-0

[Event "*** Titled Tuesday Blitz AM"]
[Site "Chess.com"]
[Date "2020.01.07"]
[Round "6"]
[White "Annawel"]
[Black "RaunakSadhwani2005"]
[Result "1-0"]
[WhiteElo "2991"]
[BlackElo "2763"]
[TimeControl "180+2"]
[EndTime "10:15:08 PST"]
[Termination "Annawel won by resignation"]

1. e4 e5 2. Nf3 Nc6 3. Bb5 a6 4. Ba4 Nf6 5. O-O Be7 6. Re1 b5 7. Bb3 O-O 8. c3 d5 9. exd5 Nxd5 10.
Nxe5 Nxe5 11. Rxe5 c6 12. d3 Bd6 13. Re1 Qh4 14.
g3 Qh3 15. Re4 Bd7 16. Nd2 Rae8 17. Nf1 Rxe4 18. dxe4 Bg4 19. Qd3 Nf6 20. Bg5 Bc7 21. Bxf6 gxf6 22. Bd1 Rd8 23. Bxg4 Qxg4 24. Qe3 Re8 25. Re1 f5 26. Qa7 Re7 27. Ne3 Qxe4 28.
Ng2 1-0

[Event "*** Titled Tuesday Blitz AM"]
[Site "Chess.com"]
[Date "2020.01.07"]
[Round "6"]
[White "Sethu0025"]
[Black "Onegust"]
[Result "1-0"]
[WhiteElo "2797"]
[BlackElo "2554"]
[TimeControl "180+2"]
[EndTime "10:15:37 PST"]
[Termination "Sethu0025 won by resignation"]

1. e4 c5 2. Nf3 d6 3. d4 cxd4 4. Nxd4 Nf6 5. Nc3 a6 6. h3 e5 7.
Nb3 Be7 8. Be3 Be6 9. Qf3 O-O 10. O-O-O Nbd7 11. g4 b5 12. g5 Ne8 13. h4 b4 14. Nd5 Bxd5 15. exd5 a5 16. Bd3 a4 17. Nd2 Qc7 18. h5 Nc5 19. Bxc5 Qxc5 20. Qf5 g6 21. hxg6 Ng7 22. gxf7+ 1-0

[Event "*** Titled Tuesday Blitz AM"]
[Site "Chess.com"]
[Date "2020.01.07"]
[Round "6"]
[White "Butterfly"]
[Black "Evgeny81"]
[Result "0-1"]
[WhiteElo "2335"]
[BlackElo "2528"]
[TimeControl "180+2"]
[EndTime "10:15:38 PST"]
[Termination "Evgeny81 won by resignation"]

1. d4 d5 2. c4 c6 3. cxd5 cxd5 4. Nc3 Nc6 5. Nf3 Nf6 6. Bf4 Bg4 7. e3 e6 8. Rc1 Be7 9. Bb5 O-O 10. O-O Rc8 11. Qa4 Bxf3 12. gxf3 a6 13. Be2 Nd7 14. Kh1 Nb6 15. Qd1 Bd6 16. Bxd6 Qxd6 17. Rg1 g6 18. f4 Ne7 19. Bd3 Nc4 20. Qe2 b5 21. Rg3 Rc7 22. Rcg1 Rfc8 23. h4 Nxb2 24. Nxb5 axb5 25. Qxb2 Rc3 26.
Bxb5 Rc2 27. Qb1 Nf5 28. Rh3 Rxf2 29. Bd3 Nxe3 30. Qe1 Qxf4 31. Qxe3 Rh2+ 32. Rxh2 Qxe3 0-1

[Event "*** Titled Tuesday Blitz AM"]
[Site "Chess.com"]
[Date "2020.01.07"]
[Round "6"]
[White "MattyDPerrine"]
[Black "mouseWLZ"]
[Result "0-1"]
[WhiteElo "2368"]
[BlackElo "2812"]
[TimeControl "180+2"]
[EndTime "10:15:45 PST"]
[Termination "mouseWLZ won by checkmate"]

1. Nf3 Nf6 2. g3 g6 3. Bg2 Bg7 4. O-O O-O 5. d4 d6 6. c4 c6 7. Nc3 Nbd7 8. e4 Qc7 9. h3 Re8 10. Be3 b6 11. e5 dxe5 12. dxe5 Nxe5 13. Nxe5 Qxe5 14. Bxc6 Bxh3 15. Bxa8 Rxa8 16. Re1 Bg4 17. Qd2 Qh5 18. f4 Bf3 19. Qh2 Qf5 20. Qd2 Ng4 21. Bd4 Bxd4+ 22. Qxd4 Qh5 23. Qd2 Qh1# 0-1

[Event "*** Titled Tuesday Blitz AM"]
[Site "Chess.com"]
[Date "2020.01.07"]
[Round "6"]
[White "Triumphmate"]
[Black "Last7Samurai"]
[Result "1/2-1/2"]
[WhiteElo "2620"]
[BlackElo "2826"]
[TimeControl "180+2"]
[EndTime "10:15:53 PST"]
[Termination "Game drawn by agreement"]

1. e4 e5 2. Nf3 Nc6 3. Nc3 Nf6 4. Bb5 Nd4 5. Ba4 Nxf3+ 6. Qxf3 Bc5 7. d3 h6 8. Qg3 Qe7 9. O-O g5 10. Be3 Bb6 11. Rad1 c6 12. d4 d6 13. dxe5 dxe5 14. Nd5 Nxd5 15. exd5 Bd7 16. dxc6 Bxc6 17. Bxc6+ bxc6 18.
Qg4 O-O 19. Rd7 Qe6 20. Qxe6 fxe6 21. Rfd1 Rf6 22. h3 Rb8 23. Re7 Bxe3 24. fxe3 Rf7 25.
Rxe6 Rxb2 26. Rxc6 Rxa2 27. Rd8+ Kg7 28. Rdd6 a5 29.
Rxh6 Rf5 30. e4 Rf4 31. Kh2 Rxc2 32. Rcg6+ Kf8 33. Rxg5 Rxe4 34. Rf6+ Ke7 35. Rh6 a4 36. Rg7+ Kf8 37. Ra7 Kg8 38. Rg6+ Kf8 39. Rh6 Kg8 40. Rg6+ Kf8 1/2-1/2

[Event "*** Titled Tuesday Blitz AM"]
[Site "Chess.com"]
[Date "2020.01.07"]
[Round "6"]
[White "platy3"]
[Black "Justmig"]
[Result "1-0"]
[WhiteElo "2884"]
[BlackElo "2699"]
[TimeControl "180+2"]
[EndTime "10:15:56 PST"]
[Termination "platy3 won by checkmate"]

1. e4 c6 2. Nf3 d5 3. Nc3 Nf6 4.
e5 Ne4 5. Ne2 h6 6. d3 Ng5 7. Nxg5 hxg5 8. Bxg5 Qb6 9. Qc1 c5 10.
Be3 Nc6 11. f4 Bg4 12. h3 Bxe2 13. Bxe2 g5 14. fxg5 Nxe5 15. O-O Bg7 16. c3 d4 17.
cxd4 cxd4 18. Bf4 Ng6 19. Bg3 Be5 20. Bxe5 Nxe5 21. Qf4 Qd6 22. Rae1 Ng6 23. Qxf7+ Kd8 24.
Bf3 Rc8 25. Re6 Qg3 26. Rxg6 Rxh3 27. Qd5+ Kc7 28. Qxb7+ Kd8 29. Rg8# 1-0

[Event "*** Titled Tuesday Blitz AM"]
[Site "Chess.com"]
[Date "2020.01.07"]
[Round "6"]
[White "ristingho"]
[Black "TBergh98"]
[Result "1-0"]
[WhiteElo "2512"]
[BlackElo "2357"]
[TimeControl "180+2"]
[EndTime "10:15:58 PST"]
[Termination "ristingho won by resignation"]

1. d4 Nf6 2. c4 d6 3. Nc3 g6 4.
Nf3 Bg7 5. Bg5 h6 6. Bh4 g5 7. Bg3 O-O 8. e3 b6 9. Nd2 Bf5 10. h4 Na6 11. hxg5 hxg5 12. a3 c5 13. d5 Nc7 14. e4 Bg6 15. Be2 a6 16. a4 b5 17.
axb5 axb5 18. Rxa8 Qxa8 19. cxb5 Rb8 20. O-O Qa5 21. e5 Nfxd5 22. exd6 exd6 23. Nxd5 Nxd5 24. Nc4 Qxb5 25. Qxd5 Rd8 26. Rd1 Bd4 27. Rxd4 1-0